 Dungeon Crawl Stone Soup version 0.27-a0-1555-g0e7b3fb1d2 (webtiles) character file.

Game seed: 457611295883172393

187456 Sin92 the Severer (level 17, -2/138 HPs)
             Began as a Demonspawn Fighter on July 12, 2021.
             Was the Champion of Okawaru.
             Slain by a 13-headed hydra (10 damage)
             ... on level 4 of the Swamp on July 14, 2021.
             The game lasted 01:14:29 (28061 turns).

Sin92 the Severer (Demonspawn Fighter)             Turns: 28061, Time: 01:14:30

Health: -2/138     AC: 54    Str: 36    XL:     17   Next: 45%
Magic:  17/23      EV: 10    Int: 12    God:    Okawaru [******]
Gold:   1233       SH: 24    Dex: 17    Spells: 16/16 levels left

rFire    + + .     SeeInvis .   d - +4 war axe of Prudence {vamp, Str+4 Int+3}
rCold    . . .     Faith    .   f - +2 tower shield {AC+3}
rNeg     . . .     Spirit   .   I - +2 crystal plate armour
rPois    +         Reflect  .   w - +4 helmet of Fuzzy Creativity {rElec rPois rF++ Stlth+}
rElec    +         Harm     .   U - +2 cloak {Stlth+}
rCorr    .         Rampage  .   b - +2 pair of gloves
Will     +....                  h - +0 pair of boots {Fly}
Stlth    ..........             B - amulet "Seteigh" {Regen+ Str+4 Dex+2 Stlth-}
HPRegen  1.33/turn              o - +4 ring of protection
MPRegen  0.18/turn              x - +6 ring of strength

@: finesse-ful, sanguine armoured, flying, studying Transmutations
A: hooves 2, foul stench 2, powered by pain 2, sanguine armour 2
}: 1/15 runes: decaying
a: Renounce Religion, Heroism, Finesse


You were on level 4 of the Swamp.
You worshipped Okawaru.
Okawaru was exalted by your worship.
You visited 4 branches of the dungeon, and saw 26 of its levels.
You also visited: Gauntlet.

You collected 1956 gold pieces.
You spent 723 gold pieces at shops.

Inventory:

Hand Weapons
 d - the +4 war axe of Prudence (weapon) {vamp, Str+4 Int+3}
   (Okawaru gifted it to you in a Gauntlet)

   It occasionally heals its wielder for a portion of the damage dealt when it
   wounds a living foe.
   Str:       It affects your strength (+4).
   Int:       It affects your intelligence (+3).
 D - a +3 broad axe of flaming
Missiles
 u - 3 boomerangs of dispersal (quivered)
Armour
 b - a +2 pair of gloves (worn)
 c - a +1 kite shield
 f - a +2 tower shield of protection (worn)
 h - a +0 pair of boots of flying (worn)
 w - the +4 helmet of Fuzzy Creativity (worn) {rElec rPois rF++ Stlth+}
   (You acquired it on level 7 of the Dungeon)

   rF:        It greatly protects you from fire.
   rElec:     It insulates you from electricity.
   rPois:     It protects you from poison.
   Stlth:     It makes you more stealthy.
 I - a +2 crystal plate armour (worn)
 U - a +2 cloak of stealth (worn)
Jewellery
 a - an amulet of reflection
 k - the amulet of the Albatross {Faith rPois SInv}
   (You acquired it on level 7 of the Dungeon)

   [amulet of faith]

   It allows you to gain divine favour quickly.
   rPois:     It protects you from poison.
   SInv:      It lets you see invisible.
 o - a +4 ring of protection (left hand)
 v - a ring of resist corrosion
 x - a +6 ring of strength (right hand)
 y - a +4 ring of protection
 B - the amulet "Seteigh" (around neck) {Regen+ Str+4 Dex+2 Stlth-}
   (You bought it in a shop on level 7 of the Dungeon)

   [amulet of regeneration]

   Str:       It affects your strength (+4).
   Dex:       It affects your dexterity (+2).
   Regen:     It increases your rate of health regeneration.
   Stlth:     It makes you less stealthy.
 N - a ring of positive energy
Wands
 e - a wand of digging (3)
Scrolls
 m - 17 scrolls of identify
 n - 4 scrolls of fear
 p - a scroll of brand weapon
 s - a scroll of summoning
 t - 3 scrolls of blinking
 z - a scroll of silence
 E - 8 scrolls of teleportation
 K - 3 scrolls of magic mapping
 Q - 2 scrolls of fog
Potions
 g - 2 potions of magic
 j - 7 potions of ambrosia
 l - 12 potions of curing
 r - 2 potions of cancellation
 A - a potion of might
 G - 5 potions of haste
 J - 2 potions of mutation
 M - 3 potions of berserk rage


   Skills:
 + Level 13.6 Fighting
 * Level 15.0 Axes
 + Level 12.6 Armour
 + Level 12.3 Dodging
 - Level 0.9 Stealth
 + Level 12.7 Shields
 - Level 8.8 Invocations


You had 16 spell levels left.
You didn't know any spells.
Your spell library contained the following spells:

 Spells                   Type           Power      Damage    Failure   Level
 Beastly Appendage        Tmut           0%         N/A       100%        1
 Foxfire                  Conj/Fire      0%         2x1d4     100%        1
 Magic Dart               Conj           0%         1d3       100%        1
 Sting                    Tmut/Pois      0%         1d3       100%        1
 Summon Small Mammal      Summ           0%         N/A       100%        1
 Poisonous Vapours        Pois/Air       0%         N/A       100%        2
 Searing Ray              Conj           0%         3d3       100%        2
 Wereblood                Tmut           0%         N/A       100%        2
 Call Canine Familiar     Summ           0%         N/A       100%        3
 Frozen Ramparts          Ice            0%         1d2       100%        3
 Gell's Gravitas          Tloc           0%         N/A       100%        3
 Ignite Poison            Fire/Tmut/Pois 0%         N/A       100%        3
 Mephitic Cloud           Conj/Pois/Air  0%         N/A       100%        3
 Spider Form              Tmut/Pois      0%         N/A       100%        3
 Summon Guardian Golem    Hex/Summ       0%         N/A       100%        3
 Teleport Other           Tloc           0%         N/A       100%        3
 Fulminant Prism          Conj/Hex       0%         3d6       100%        4
 Hailstorm                Conj/Ice       0%         3d3       100%        4
 Ice Form                 Ice/Tmut       0%         N/A       100%        4
 Olgreb's Toxic Radiance  Pois           0%         N/A       100%        4
 Summon Ice Beast         Ice/Summ       0%         N/A       100%        4
 Alistair's Intoxication  Tmut/Pois      0%         N/A       100%        5
 Blade Hands              Tmut           0%         N/A       100%        5
 Bolt of Magma            Conj/Fire/Erth 0%         4d4       100%        5
 Fireball                 Conj/Fire      0%         3d3       100%        5
 Iskenderun's Battlesphe  Conj           0%         2d6       100%        5
 Lee's Rapid Deconstruct  Erth           0%         3d5*      100%        5
 Summon Forest            Summ/Tloc      0%         N/A       100%        5
 Summon Mana Viper        Hex/Summ       0%         N/A       100%        5
 Conjure Ball Lightning   Conj/Air       0%         3x3d6     100%        6
 Dispersal                Tloc           0%         N/A       100%        6
 Eringya's Noxious Bog    Tmut/Pois      0%         N/A       100%        6
 Iron Shot                Conj/Erth      0%         9d1       100%        6
 Shadow Creatures         Summ           N/A        N/A       100%        6
 Simulacrum               Ice/Necr       0%         N/A       100%        6
 Starburst                Conj/Fire      0%         8x6d3     100%        6
 Haunt                    Necr/Summ      0%         N/A       100%        7
 Malign Gateway           Summ/Tloc      0%         N/A       100%        7
 Orb of Destruction       Conj           0%         N/A       100%        7
 Spellforged Servitor     Conj/Summ      0%         N/A       100%        7
 Disjunction              Tloc           0%         N/A       100%        8
 Lehudib's Crystal Spear  Conj/Erth      0%         10d2      100%        8


Dungeon Overview and Level Annotations

Branches:
Dungeon (15/15)            Temple (1/1) D:7            Lair (6/6) D:9
  Swamp (4/4) Lair:2       Spider (0/4) Lair:2        Slime (0/5) Lair:5
    Orc (0/2) D:10         Vaults (0/5) D:14        Gauntlet (visited)
 Depths: D:15

Altars:
Ashenzari
Cheibriados
Elyvilon
Fedhas
Hepliaklqana
Makhleb
Nemelex Xobeh
Okawaru
Qazlal
Sif Muna
Trog
Uskayaw
Xom
Yredelemnul
Zin
The Shining One

Shops:
D:2 *   D:7 =   D:9 *

Portals:
Bazaar: D:15

Annotations:
D:6 2 transporters, TerrariaFan's ghost, novice GrFi
D:12 2 runed translucent doors, Linoleak's ghost, journeyman DrCj
Swamp:4 1 transporter, Aruheqoe's ghost, adept DjFE


Innate Abilities, Weirdness & Mutations

You have hoof-like feet.
You sometimes emit foul miasma when damaged in melee.
You sometimes gain power by taking damage.
When seriously injured, your bleeding wounds create thick armour. (AC +9)


Message History

The 12-headed hydra is engulfed in dark miasma.
You block the 12-headed hydra's attack. The 12-headed hydra bites you.
The 12-headed hydra bites you! You block the 12-headed hydra's attack.
The 12-headed hydra bites you but does no damage. x5
You block the 12-headed hydra's attack.
The 12-headed hydra bites you but does no damage.
The 12-headed hydra barely misses you.
The spriggan berserker hits you with a +0 quarterstaff!
* * * LOW HITPOINT WARNING * * *
You hit the spriggan berserker.
The spriggan berserker is almost dead.
You hit Aruheqoe's ghost but do no damage.
Your crystal plate armour prevents you from hitting the mana viper.
You hack one of the 12-headed hydra's heads off!
The 11-headed hydra grows two more!
You hit the 13-headed hydra.
You feel better.
You slash the ghoul! The mana viper barely misses you.
The goliath frog completely misses you.
Aruheqoe's ghost casts a spell.
You smell decay.
You block the ghoul's attack. x2
The spriggan berserker hits you but does no damage.
The mana viper is engulfed in dark miasma.
The mana viper is poisoned.
You block the mana viper's attack.
Unknown command.
Unknown command.
You can now deal lightning-fast blows.
You block the spriggan berserker's attack.
The goliath frog hits you from afar!
* * * LOW HITPOINT WARNING * * *
You are splashed with acid!
* * * LOW HITPOINT WARNING * * *
Aruheqoe's ghost hits you but does no damage.
The ghoul claws you!
* * * LOW HITPOINT WARNING * * *
You block the ghoul's attack.
The 13-headed hydra is engulfed in dark miasma.
The 13-headed hydra bites you but does no damage.
The 13-headed hydra bites you.
* * * LOW HITPOINT WARNING * * *
The 13-headed hydra bites you!
You die...

≈..≈≈≈≈§..≈≈≈≈≈[..≈≈≈≈.♣♣...♣
≈..≈≈≈≈≈≈.≈≈≈≈..≈≈≈≈≈....§.≈♣
.♣.≈§≈≈≈..≈...............≈♣♣
....≈≈≈≈.≈..#########....≈.♣
≈.♣≈.≈≈≈...##©......##.≈≈..♣
.≈≈≈.......#8.......8#.≈.≈≈♣
≈♣♣♣♣♣.≈.♣.#=........#.§≈..♣♣♣
.♣♣ ♣♣≈≈...#|..Dwn...#.....≈≈♣♣
.≈♣ ♣.≈≈..©#....@i...#©.≈♣≈.≈§♣
≈.♣ ♣≈≈....#!..SW÷F..#....♣♣.♣♣
♣♣♣♣♣...≈♣.#...○.....#......≈.♣
.≈.♣♣♣.≈♣♣.#8.......8#..♣..♣.♣♣
≈≈≈≈.≈≈≈♣♣.##.......##.♣♣≈≈.♣♣
.≈≈≈≈≈≈.♣♣..#########..♣♣♣.♣♣
≈.≈≈≈≈≈.♣♣♣............≈♣.≈≈♣
≈.≈≈≈≈..♣ ♣♣♣♣♣♣♣♣♣♣.≈≈≈♣♣≈≈♣♣
♣..≈≈..≈♣ ♣≈..♣♣.≈≈.♣


You could see a ghoul, a 13-headed hydra (poisoned, slow), a tyrant leech, a
spriggan berserker (berserk), a mana viper (summoned, poisoned), a goliath frog
and Aruheqoe's ghost.

Vanquished Creatures
  Bai Suzhen (Swamp:4)
  Rupert (Lair:3)
  A tentacled monstrosity (Swamp:4)
  The ghost of Zukhihyth the Peltast, an adept DDFi of Makhleb (Swamp:3)
  Frances (D:12)
  A fenstrider witch (Swamp:4)
  A minotaur (Gauntlet)
  6 bunyips
  Snorg (D:14)
  6 eleionomae
  3 shambling mangroves
  A spectral fenstrider witch (Swamp:3)
  A rakshasa (D:15)
  A fire dragon (Lair:6)
  5 boulder beetles
  Harold (D:7)
  2 spriggan air magi (Swamp:4)
  An anaconda (Lair:6)
  4 centaur warriors
  3 ghost crabs
  Erica (Lair:1)
  28 hydras
  A catoblepas (D:15)
  8 two-headed ogres
  12 alligators
  9 death yaks
  A tengu warrior (D:14)
  A deep elf knight (Swamp:2)
  A spriggan berserker (Swamp:2)
  Nergalle (D:11)
  Sonja (D:13)
  10 skeletal warriors
  A spectral spriggan (Swamp:3)
  10 swamp dragons
  10 bog bodies
  2 goliath frogs
  5 spriggan druids
  2 lindwurms
  A wizard (D:14)
  A spectral hydra (Swamp:3)
  Pikel (D:5)
  2 phantasmal warriors (D:15)
  3 deep elf pyromancers
  2 necromancers
  An ugly thing (D:11)
  A wolf spider (Lair:6)
  2 oklob plants
  3 cyclopes
  2 manticores
  4 elephants (Lair:4)
  Joseph (D:7)
  Maurice (D:11)
  5 will-o-the-wisps
  11 black mambas
  A torpor snail (Lair:5)
  8 cane toads
  Maggie (D:7)
  4 rime drakes
  2 efreet (D:14)
  A kobold demonologist (D:8)
  A freezing wraith (D:15)
  9 komodo dragons
  A spectral death drake (Swamp:3)
  3 trolls
  4 yaktaurs (D:13)
  3 meliai (Lair:5)
  A queen bee (Lair:5)
  11 polar bears
  A wind drake (shapeshifter) (D:14)
  10 slime creatures
  11 tyrant leeches
  21 hornets
  3 blink frogs (Lair:6)
  Grinder (D:4)
  2 raiju (Lair:6)
  2 dream sheep (Lair:5)
  16 spriggans
  A shadow (D:11)
  A wraith (D:14)
  60 yaks
  4 wyverns
  5 basilisks
  4 steam dragons
  Eustachio (D:4)
  18 vampire mosquitoes
  6 wargs (Lair:6)
  15 swamp worms
  3 acid dragons
  A hydra simulacrum (Swamp:3)
  26 water moccasins
  13 hell hounds (Lair:6)
  4 orc warriors
  3 sky beasts (D:7)
  8 swamp drakes
  An ice beast (D:6)
  13 black bears
  11 centaurs
  2 ogres
  A boggart (shapeshifter) (D:13)
  25 wolves
  4 phantoms
  2 kobold brigands
  16 bullfrogs
  2 scorpions (D:9)
  2 wyvern zombies
  4 gnoll sergeants
  2 water moccasin zombies
  45 killer bees
  5 wights
  2 howler monkeys (D:10)
  7 centaur zombies
  2 hounds (D:5)
  A gnoll shaman (D:9)
  3 orc priests
  Crazy Yiuf (D:2)
  2 jellies
  A bullfrog skeleton (D:7)
  A centaur skeleton (D:7)
  6 iguanas
  5 orc wizards
  6 hell rats (Lair:6)
  12 gnolls
  3 adders
  A howler monkey skeleton (D:6)
  A white imp (D:6)
  2 worms
  2 dart slugs
  18 orcs
  5 ball pythons
  2 bats
  8 endoplasms
  4 giant cockroaches
  6 goblins
  4 hobgoblins
  10 jackals
  15 kobolds
  2 quokkas
  3 frilled lizards (D:1)
  5 rats
752 creatures vanquished.

Vanquished Creatures (collateral kills)
  A hydra (Swamp:4)
  A bog body (Swamp:4)
  A swamp dragon (Swamp:4)
3 creatures vanquished.

Vanquished Creatures (others)
  A bloated husk (Swamp:2)
  A tyrant leech (Swamp:3)
  A swamp worm (Swamp:2)
  2 bushes
  26 foxfires
  33 fungi
  86 plants
  14 withered plants (Gauntlet)
164 creatures vanquished.

Grand Total: 919 creatures vanquished

Notes
Turn   | Place    | Note
-------+----------+-------------------------------------------
     0 | D:1      | Sin92 the Demonspawn Fighter began the quest for the Orb.
     0 | D:1      | Reached XP level 1. HP: 18/18 MP: 1/1
     3 | D:1      | Noticed an electric eel
     4 | D:1      | Noticed an electric eel
   140 | D:1      | Gained mutation: You may rarely emit foul miasma when
                  | damaged in melee. [demonic ancestry]
   140 | D:1      | Reached XP level 2. HP: 24/24 MP: 2/2
   142 | D:1      | Reached skill level 2 in Axes
   880 | D:1      | Gained mutation: You have large cloven feet. [demonic
                  | ancestry]
   880 | D:1      | Reached XP level 3. HP: 29/29 MP: 3/3
  1015 | D:1      | Reached skill level 1 in Dodging
  1212 | D:1      | Found a faded altar of an unknown god.
  1422 | D:2      | Found a runed translucent door.
  1423 | D:2      | Noticed Crazy Yiuf
  1695 | D:2      | Found Muntip's Assorted Antiques.
  2117 | D:2      | Killed Crazy Yiuf
  2118 | D:2      | Gained mutation: When seriously injured, your bleeding
                  | wounds create armour. (AC +9) [demonic ancestry]
  2118 | D:2      | Reached XP level 4. HP: 8/35 MP: 4/4
  2406 | D:3      | Noticed an ogre
  2414 | D:3      | Killed an ogre
  2415 | D:3      | Reached XP level 5. HP: 42/42 MP: 5/5
  2907 | D:3      | You fall into a shaft and drop 1 floor!
  2995 | D:4      | Noticed Grinder
  3013 | D:4      | Killed Grinder
  3014 | D:4      | Reached skill level 3 in Axes
  3014 | D:4      | Reached XP level 6. HP: 28/48 MP: 6/6
  3034 | D:4      | Noticed Eustachio
  3057 | D:4      | Killed Eustachio
  3058 | D:4      | Reached XP level 7. HP: 28/55 MP: 7/7
  3697 | D:5      | Entered Level 5 of the Dungeon
  4020 | D:5      | Found a snail-covered altar of Cheibriados.
  4301 | D:5      | Noticed Pikel
  4307 | D:5      | Killed Pikel
  4308 | D:5      | Reached skill level 5 in Fighting
  4308 | D:5      | Reached skill level 4 in Axes
  4308 | D:5      | Reached XP level 8. HP: 62/62 MP: 8/8
  5020 | D:6      | Reached skill level 5 in Armour
  5020 | D:6      | Reached skill level 5 in Shields
  5241 | D:6      | Found a broken altar of Ashenzari.
  5276 | D:6      | Found a basalt altar of Yredelemnul.
  5290 | D:6      | Noticed TerrariaFan's ghost (novice GrFi)
  5307 | D:6      | Found a transporter.
  5310 | D:6      | Found a transporter.
  5487 | D:6      | Reached skill level 5 in Axes
  5731 | D:7      | Gained mutation: You have hoof-like feet. [demonic
                  | ancestry]
  5731 | D:7      | Reached XP level 9. HP: 62/69 MP: 9/9
  5887 | D:7      | Found a sparkling altar of Nemelex Xobeh.
  5887 | D:7      | Found a shimmering altar of Xom.
  5888 | D:7      | Noticed Harold
  5914 | D:7      | Killed Harold
  5915 | D:7      | Reached skill level 5 in Dodging
  5933 | D:7      | Found a staircase to the Ecumenical Temple.
  5942 | Temple   | Entered the Ecumenical Temple
  6006 | Temple   | Became a worshipper of Warmaster Okawaru
  6048 | D:7      | Found a hide-covered altar of Uskayaw.
  6104 | D:7      | Noticed Maggie
  6116 | D:7      | Killed Maggie
  6117 | D:7      | Reached skill level 6 in Axes
  6137 | D:7      | Identified 3 scrolls of acquirement
  6137 | D:7      | Acquired the amulet of the Albatross {Faith rPois SInv}
  6150 | D:7      | Acquired a +1 broad axe of flaming
  6153 | D:7      | Acquired the +4 helmet of Fuzzy Creativity {rElec rPois
                  | rF++ Stlth+}
  6191 | D:7      | Found Merasch's Jewellery Shop.
  6215 | D:7      | Reached * piety under Okawaru
  6222 | D:7      | Gained mutation: You sometimes emit foul miasma when
                  | damaged in melee. [demonic ancestry]
  6222 | D:7      | Reached XP level 10. HP: 51/79 MP: 10/10
  6434 | D:7      | Noticed a rust devil
  6844 | D:7      | Reached ** piety under Okawaru
  7054 | D:7      | Noticed Joseph
  7061 | D:7      | Paralysed by Joseph for 5 turns
  7070 | D:7      | Killed Joseph
  7071 | D:7      | Reached skill level 1 in Invocations
  7148 | D:7      | Found a hazy altar of Hepliaklqana.
  7938 | D:8      | Noticed a cyclops
  7948 | D:8      | Killed a cyclops
  7948 | D:8      | Reached *** piety under Okawaru
  7951 | D:8      | Noticed a smoke demon
  7960 | D:8      | Found the +6 arbalest "Damnation" {damnation}
  8009 | D:8      | Noticed a six-headed hydra
  8014 | D:8      | Killed a four-headed hydra
  8015 | D:8      | Reached skill level 7 in Axes
  8085 | D:8      | Noticed a skeletal warrior
  8106 | D:8      | Killed a skeletal warrior
  8629 | D:9      | Noticed a two-headed ogre
  8687 | D:9      | Killed a two-headed ogre
  8687 | D:9      | Reached **** piety under Okawaru
  8688 | D:9      | Reached XP level 11. HP: 86/86 MP: 11/14
  8711 | D:9      | Got the Grimoire of Clay
  8713 | D:9      | Found Noanunaacla's Neck Hole.
  8942 | D:9      | Found a staircase to the Lair.
  9630 | D:9      | Found a shimmering blue altar of Sif Muna.
  9715 | D:9      | Identified the +3 quarterstaff of Gashoa Zafo {vorpal,
                  | Will+ SInv}
  9826 | Lair:1   | Entered Level 1 of the Lair of Beasts
  9941 | Lair:1   | Reached skill level 5 in Invocations
 10063 | Lair:1   | Reached ***** piety under Okawaru
 10071 | Lair:1   | Noticed a five-headed hydra
 10080 | Lair:1   | Killed a one-headed hydra
 10080 | Lair:1   | Received a gift from Okawaru
 10741 | Lair:1   | Noticed Erica
 10761 | Lair:1   | Killed Erica
 10808 | Lair:1   | Noticed a lindwurm
 10814 | Lair:1   | Killed a lindwurm
 10815 | Lair:1   | Reached skill level 8 in Axes
 11222 | Lair:2   | Reached XP level 12. HP: 90/95 MP: 17/17
 11234 | Lair:2   | Found a gate leading to a gauntlet.
 11253 | Gauntlet | Entered a Gauntlet
 11253 | Gauntlet | Found a large runed translucent door.
 11253 | Gauntlet | Found a large runed translucent door.
 11253 | Gauntlet | Found a large runed translucent door.
 11253 | Gauntlet | Found a large runed translucent door.
 11253 | Gauntlet | Found a large runed translucent door.
 11253 | Gauntlet | Found a large runed translucent door.
 11253 | Gauntlet | Found a large runed translucent door.
 11253 | Gauntlet | Found a large runed translucent door.
 11253 | Gauntlet | Found a runed translucent door.
 11253 | Gauntlet | Found a runed translucent gate.
 11253 | Gauntlet | Found a transporter.
 11253 | Gauntlet | Found a transporter.
 11253 | Gauntlet | Found a runed translucent gate.
 11253 | Gauntlet | Found a transporter.
 11253 | Gauntlet | Found a transporter.
 11517 | Gauntlet | Found a transporter.
 11517 | Gauntlet | Found a transporter.
 11521 | Gauntlet | Noticed a tengu warrior
 11527 | Gauntlet | Found a transporter.
 11531 | Gauntlet | Found a transporter.
 11533 | Gauntlet | Noticed a death yak
 11534 | Gauntlet | Noticed a death yak
 11534 | Gauntlet | Noticed a death yak
 11539 | Gauntlet | Noticed a five-headed hydra
 11545 | Gauntlet | Found a transporter.
 11614 | Gauntlet | Found a runed translucent door.
 11615 | Gauntlet | Found a large runed translucent door.
 11615 | Gauntlet | Found a large runed translucent door.
 11615 | Gauntlet | Found a large runed translucent door.
 11615 | Gauntlet | Found a large runed translucent door.
 11616 | Gauntlet | Found a large runed translucent door.
 11616 | Gauntlet | Found a large runed translucent door.
 11617 | Gauntlet | Found a large runed translucent door.
 11617 | Gauntlet | Found a large runed translucent door.
 11626 | Gauntlet | Found a runed translucent gate.
 11642 | Gauntlet | Found a transporter.
 11646 | Gauntlet | Found a transporter.
 11656 | Gauntlet | Found a transporter.
 12179 | Gauntlet | HP: 4/95 [acid (14)]
 12508 | Gauntlet | Killed a death yak
 12514 | Gauntlet | Killed a death yak
 12517 | Gauntlet | Identified the +4 war axe of Prudence {vamp, Str+4 Int+3}
                  | (Okawaru gifted it to you in a Gauntlet)
 12517 | Gauntlet | Received a gift from Okawaru
 12518 | Gauntlet | Killed a death yak
 12851 | Gauntlet | Got The Arcane Secrets of Witchcraft
 12868 | Gauntlet | Identified the +1 shadow dragon scales "Pifaaf" {Int+2
                  | Stlth++++}
 12868 | Gauntlet | Noticed a minotaur
 12894 | Gauntlet | Killed a minotaur
 12909 | Gauntlet | Got the Guide on Moulding
 12917 | Gauntlet | Identified the +0 cloak "Saps" {Rampage}
 13235 | Lair:2   | Noticed a seven-headed hydra
 13248 | Lair:2   | Killed an 11-headed hydra
 13583 | Lair:2   | Upgraded the game from 0.27-a0-1532-gca18f49f40 to
                  | 0.27-a0-1548-gf8a67e7463
 13680 | Lair:2   | Found a staircase to the Swamp.
 13818 | Lair:2   | Found a hole to the Spider Nest.
 14206 | Lair:3   | Noticed Rupert
 14227 | Lair:3   | Killed Rupert
 14609 | Lair:3   | Reached skill level 10 in Fighting
 14609 | Lair:3   | Reached skill level 9 in Axes
 14740 | Lair:3   | Reached ****** piety under Okawaru
 14741 | Lair:3   | Reached XP level 13. HP: 103/103 MP: 19/19
 14891 | Lair:4   | You fall into a shaft and drop 1 floor!
 15246 | Lair:5   | Found a staircase to the Slime Pits.
 15757 | Lair:5   | Found a blossoming altar of Fedhas.
 15768 | Lair:5   | Received a gift from Okawaru
 16606 | Lair:4   | Reached skill level 10 in Axes
 17465 | D:7      | Bought the amulet "Seteigh" {Regen+ Str+4 Dex+2 Stlth-} for
                  | 723 gold pieces
 17652 | Lair:6   | Entered Level 6 of the Lair of Beasts
 17738 | Lair:6   | Reached skill level 10 in Shields
 17777 | Lair:6   | Received a gift from Okawaru
 17778 | Lair:6   | Reached skill level 10 in Armour
 17842 | Lair:6   | Gained mutation: You sometimes gain a little power by
                  | taking damage. [demonic ancestry]
 17842 | Lair:6   | Reached XP level 14. HP: 111/111 MP: 20/20
 17990 | Lair:6   | Received a gift from Okawaru
 18086 | Lair:6   | Reached skill level 11 in Axes
 18269 | Lair:6   | Reached skill level 10 in Dodging
 19216 | D:10     | Entered Level 10 of the Dungeon
 19673 | D:10     | Found a staircase to the Orcish Mines.
 20181 | D:11     | Noticed Nergalle
 20193 | D:11     | Killed Nergalle
 20354 | D:11     | Noticed Maurice
 20370 | D:11     | Killed Maurice
 20771 | D:12     | Reached skill level 12 in Axes
 20920 | D:12     | Reached XP level 15. HP: 41/120 MP: 21/21
 21096 | D:12     | Found a runed translucent door.
 21096 | D:12     | Found a runed translucent door.
 21103 | D:12     | Noticed a lich
 21103 | D:12     | Noticed Linoleak's ghost (journeyman DrCj)
 21331 | D:12     | Noticed Frances
 21344 | D:12     | Killed Frances
 21380 | D:12     | Found a stormy altar of Qazlal.
 21473 | D:12     | Received a gift from Okawaru
 21690 | D:12     | Noticed a sphinx
 21754 | D:12     | Noticed a fenstrider witch
 21757 | D:12     | a fenstrider witch changed into a stone giant
 21768 | D:12     | Noticed a quicksilver dragon
 21996 | D:13     | Noticed Sonja
 22017 | D:13     | Killed Sonja
 22211 | D:13     | Found a broken altar of Ashenzari.
 22775 | D:14     | Received a gift from Okawaru
 22863 | D:14     | Found a gate to the Vaults.
 23196 | D:14     | Noticed Snorg
 23220 | D:14     | Killed Snorg
 23351 | D:14     | Got Sif Muna's Almanac of Flames and the Glacier
 23365 | D:14     | Received a gift from Okawaru
 23477 | D:15     | Entered Level 15 of the Dungeon
 23540 | D:15     | Found a gateway to a bazaar.
 23728 | D:15     | Reached skill level 13 in Axes
 24211 | Swamp:1  | Entered Level 1 of the Swamp
 24342 | Swamp:1  | Identified the -2 pair of boots of Lust {Harm rC+} (Okawaru
                  | gifted it to you on level 1 of the Swamp)
 24342 | Swamp:1  | Received a gift from Okawaru
 24359 | Swamp:1  | Gained mutation: When seriously injured, your bleeding
                  | wounds create thick armour. (AC +9) [demonic ancestry]
 24359 | Swamp:1  | Reached XP level 16. HP: 129/129 MP: 22/22
 25671 | Swamp:2  | HP: 1/129 [something/shard of ice (40)]
 25910 | Swamp:3  | Identified the +1 ring mail of Yllinn {rElec Regen+ Dex-5}
                  | (Okawaru gifted it to you on level 3 of the Swamp)
 25910 | Swamp:3  | Received a gift from Okawaru
 26053 | Swamp:3  | Reached skill level 14 in Axes
 26116 | Swamp:3  | Found a transporter.
 26116 | Swamp:3  | Noticed Zukhihyth's ghost (adept DDFi)
 26123 | Swamp:3  | Found a transporter.
 26381 | Swamp:3  | Found the amulet of the Air {Inacc Air Fly rElec RMsl}
 26659 | Swamp:3  | Killed Zukhihyth's ghost
 26937 | Swamp:4  | Entered Level 4 of the Swamp
 26949 | Swamp:4  | Found a transporter.
 26952 | Swamp:4  | Noticed Aruheqoe's ghost (adept DjFE)
 27217 | Swamp:4  | Gained mutation: You sometimes gain power by taking damage.
                  | [demonic ancestry]
 27217 | Swamp:4  | Reached XP level 17. HP: 107/137 MP: 23/23
 27272 | Swamp:4  | Noticed Bai Suzhen
 27314 | Swamp:4  | Killed Bai Suzhen
 27314 | Swamp:4  | Received a gift from Okawaru
 27320 | Swamp:4  | Noticed a tentacled monstrosity
 27335 | Swamp:4  | Killed a tentacled monstrosity
 27496 | Swamp:4  | Upgraded the game from 0.27-a0-1548-gf8a67e7463 to
                  | 0.27-a0-1555-g0e7b3fb1d2
 27605 | Swamp:4  | Got a decaying rune of Zot
 27694 | Swamp:4  | Found a transporter.
 27785 | Swamp:4  | Reached skill level 15 in Axes
 28061 | Swamp:4  | Slain by a 13-headed hydra

Illustrated notes

Levels and vault maps discovered:
D:1:      arrival_aquarium_b, layout_loops_corners,
          dilly_ecumenical_altar_fadedgnrine
D:2:      layout_basic, serial_shops, shop, uniq_crazy_yiuf_cottage
D:3:      layout_rooms, grunt_ministairs_14
D:4:      layout_loops_ring, uniq_grinder, uniq_eustachio
D:5:      layout_gridville, kennysheep_slug_shrine, uniq_pikel
D:6:      layout_loops_ring, mainiacjoe_overflow_small_starburst,
          nicolae_overflow_hidden_temple, marbit_many_paths,
          gammafunk_ghost_arena
D:7:      layout_cave_pools, nicolae_overflow_quartered_altars,
          gammafunk_temple_overflow_wave, minmay_temple_entry_offerings,
          serial_shops, nicolae_shop_competitors_out_of_business,
          minmay_joined_circles, uniq_harold, uniq_maggie, uniq_joseph
D:8:      layout_basic, minmay_diamond_spiral
D:9:      layout_stronghold, kennysheep_little_box, due_lair_maze_entry_diamond,
          nicolae_shop_sticking_my_neck_out
D:10:     layout_rooms, orc_0_dummy, minmay_increasing_density
D:11:     layout_loops_cross, uniq_maurice, uniq_nergalle
D:12:     layout_long_grid, muffindrake_ghost_dual_entry, grunt_qazlal_clouds,
          uniq_frances
D:13:     minmay_connected_triangles_in_corner, layout_rooms,
          nicolae_ashenzari_panopticon, uniq_sonja
D:14:     layout_cave_pods, david_vaults_1, minmay_misc_feat_diagonals,
          uniq_snorg
D:15:     hangedman_depths_entry_try_elsewhere_first, layout_gridville,
          serial_shops, bzr_in_the_mist, hangedman_abyss_or_decor_stagger
Temple:   minmay_temple_curvy_loop
Lair:1:   layout_chaotic_city, chequers_serial_rivers_micro_c, uniq_erica
Lair:2:   layout_chaotic_city, swamp_mist, spider_nest_entry_web_field,
          gauntlet_entry_generic
Lair:3:   layout_cave_pods, chequers_serial_rivers_micro_c, grunt_megastairs_3,
          uniq_rupert
Lair:4:   beast_lair_carwin_large_4, layout_regular_city,
          nicolae_volcano_entry_vermiform, chequers_serial_rivers_micro_d
Lair:5:   layout_long_grid, slime_dummy, basic_altar, special_room
          [special_room_bee]
Lair:6:   guppyfry_lair_end_dragon, layout_loops_ring,
          hangedman_lair_caniforms_friends, grunt_megastairs_4
Swamp:1:  layout_basic_swamp, evilmike_swamp_ruin_rubble_2, swamp_pool3,
          nicolae_swamp_baby_hydras, infiniplex_staircase_pool
Swamp:2:  cheibrodos_swamp_heart_of_darkness, layout_basic_swamp,
          hangedman_swamp_ruin_wall
Swamp:3:  layout_basic_swamp, gammafunk_ghost_mausoleum,
          evilmike_swamp_ruin_house_3, swamp_pool1
Swamp:4:  grunt_swamp_rune_castle, layout_basic_swamp, gammafunk_ghost_arena,
          nicolae_swamp_wisp_ring_woods, infiniplex_staircase_pool_2,
          uniq_bai_suzhen

Skill      XL: |  1  2  3  4  5  6  7  8  9 10 11 12 13 14 15 16 17 |
---------------+----------------------------------------------------+-----
Axes           | 2 3 4 5 6 7 8 9 10 12 13 14 15 | 15.0
Armour         | 3 4 5 6 7 8 9 10 11 12 | 12.6
Dodging        | 1 2 3 4 5 6 7 8 9 10 11 12 | 12.3
Shields        | 3 4 5 6 7 8 9 10 11 12 | 12.7
Fighting       | 4 5 6 7 8 9 10 11 12 13 | 13.6
Invocations    | 4 6 8 |  8.8
Stealth        | |  0.9

Action                   |  1- 3 |  4- 6 |  7- 9 | 10-12 | 13-15 | 16-18 || total
-------------------------+-------+-------+-------+-------+-------+-------++-------
Melee: War axe           |    90 |    60 |   245 |   145 |  1410 |   832 ||  2782
       Kick              |    10 |    10 |    67 |    89 |       |       ||   176
       Broad axe         |       |       |    13 |   385 |    26 |    47 ||   471
Throw: Throwing net      |       |       |     1 |       |       |       ||     1
Invok: Heroism           |       |       |       |     3 |     2 |       ||     5
       Finesse           |       |       |       |     1 |       |     2 ||     3
  Use: Potion            |       |     3 |     3 |     6 |     1 |     3 ||    16
       Scroll            |       |       |    11 |    11 |     7 |     3 ||    32
 Stab: Sleeping          |       |       |       |     1 |       |       ||     1
       Distracted        |       |       |       |       |       |     1 ||     1
       Confused          |       |       |       |       |       |     1 ||     1
Armor: Scale mail        |    39 |    32 |   169 |   343 |   296 |       ||   879
       Swamp dragon scal |       |       |    22 |   100 |       |       ||   122
       Crystal plate arm |       |       |       |       |   753 |   846 ||  1599
Dodge: Dodged            |    29 |    22 |   130 |   398 |   809 |   421 ||  1809
Block: Kite shield       |    41 |    33 |   196 |   491 |  1463 |   676 ||  2900
       Tower shield      |       |       |       |       |       |   118 ||   118

Table legend: (Time is in decaauts)
 A = Elapsed time spent in this place.
 B = Non-inter-level travel time spent in this place.
 C = Inter-level travel time spent in this place.
 D = Time resting spent in this place.
 E = Time spent auto-exploring this place.
 F = Levels seen in this place.
 G = Mean time per level.
                   A        B        C        D        E       F      G
               +--------+--------+--------+--------+--------+-----+--------+
         Total |  28400 |  26895 |   1505 |   3793 |  16670 |  27 | 1051.9 |
       Dungeon |  15104 |  14248 |    856 |   1634 |   9743 |  15 | 1006.9 |
        Temple |     76 |     76 |      0 |      0 |     43 |   1 |   76.0 |
          Lair |   7793 |   7307 |    486 |    508 |   4900 |   6 | 1298.8 |
         Swamp |   3757 |   3596 |    161 |    476 |   1830 |   4 |  939.2 |
      Gauntlet |   1669 |   1669 |      0 |   1175 |    153 |   1 | 1669.0 |
               +--------+--------+--------+--------+--------+-----+--------+

Top non-repeatable levels by time:
     D:7: 1839 daAuts
Gauntlet: 1669 daAuts
  Lair:1: 1506 daAuts
  Lair:6: 1465 daAuts
  Lair:5: 1411 daAuts
     D:1: 1386 daAuts
     D:9: 1374 daAuts
  Lair:2: 1348 daAuts
    D:12: 1161 daAuts
     D:5: 1157 daAuts
  Lair:4: 1151 daAuts
    D:14: 1140 daAuts
 Swamp:4: 1114 daAuts
     D:8: 1104 daAuts
     D:2: 1042 daAuts
